 Dungeon Crawl Stone Soup version 0.19-a0-866-ga8d832c (webtiles) character file.

515 Ordine the Ruffian (level 7, 30/66 HPs)
             Began as a Yellow Draconian Monk on July 3, 2016.
             Quit the game on level 4 of the Dungeon.
             The game lasted 00:08:54 (3280 turns).

Ordine the Ruffian (Yellow Draconian Monk)          Turns: 3280, Time: 00:08:55

Health: 30/66      AC:  6    Str: 14    XL:     7   Next: 0%
Magic:  7/7        EV: 14    Int: 14    God:
Gold:   283        SH:  0    Dex: 13    Spells: 0 memorised, 6 levels left

rFire  . . .     SeeInvis +       - Unarmed
rCold  . . .     Gourm    .     (armour unavailable)
rNeg   . . .     Faith    .     (no shield)
rPois  +         Spirit   .     (helmet restricted)
rElec  .         Dismiss  .     (no cloak)
rCorr  +         Reflect  .     (no gloves)
SustAt .         Harm     .     (no boots)
MR     .....                    (no amulet)
Stlth  ++........               i - ring of see invisible
                                g - ring of poison resistance

@: flying, not resistant to hostile enchantments, unstealthy
A: spit acid, acid resistance, unfitting armour, big wings, clever 1, robust 1,
cold-blooded, AC +6
a: Spit Acid, Stop Flying


You were on level 4 of the Dungeon.
You were not hungry.

You visited 1 branch of the dungeon, and saw 4 of its levels.

You collected 283 gold pieces.

Inventory:

Missiles
 c - 83 stones (quivered)
Jewellery
 g - a ring of poison resistance (left hand)
 i - a ring of see invisible (right hand)
Scrolls
 d - 2 scrolls of remove curse
 f - a scroll of enchant weapon
 l - a scroll of noise
Potions
 b - 2 potions of agility
 e - a potion of invisibility
 j - a potion of lignification {unknown}
 k - a potion of flight {unknown}
 m - a potion of heal wounds {unknown}
Comestibles
 a - 3 bread rations
 h - 4 chunks of flesh


   Skills:
 + Level 4.9 Fighting
 + Level 4.2 Dodging
 - Level 1.7 Stealth
 * Level 6.2 Unarmed Combat


You had 6 spell levels left.
You didn't know any spells.

Dungeon Overview and Level Annotations

Branches:
Dungeon (4/15)
 Temple: D:4-7

Altars:
Fedhas
Pakellas
Qazlal


Innate Abilities, Weirdness & Mutations

You can spit globs of acid.
You are resistant to acid.
Your golden yellow scales are hard. (AC +6)
Your body does not fit into most forms of armour.
You are cold-blooded and may be slowed by cold attacks.
Your large and strong wings let you fly indefinitely.
Your mind is acute. (Int +2)
You are robust. (+10% HP)


Message History

The orc wizard misses you.
You hit the orc wizard but do no damage.
The orc wizard is heavily wounded.
The orc wizard points at you and mumbles some strange words.
The magic dart hits you!
You hit the orc wizard but do no damage.
Your tail-slap misses the orc wizard.
The orc wizard is heavily wounded.
The orc wizard casts a spell.
The orc wizard blinks!
You hit the orc wizard.
The orc wizard is almost dead.
The orc wizard closely misses you.
You hit the orc wizard.
You kill the orc wizard!
You have reached level 7!
Your scales start taking on a golden yellow colour.
You can spit globs of acid.
You are resistant to acid.
Unknown command.
Are you sure you want to abandon this character and quit the game? (Confirm with "yes".)

.#####...########...#
...............##..#
..................#
..............###.##
####...####### ##.##
########...# ##..
#.....##...# ##.
#.....##...# #.
#.....)@...# #.
#.....##)..# ..
(........##### #.
##.##...... #. #
#........ #.
#.......... ##
#.##...?.o. #.
.##.oo. .. .. ....


There were no monsters in sight!

Vanquished Creatures
  Sigmund (D:3)
  A howler monkey (D:4)
  An orc priest (D:3)
  2 orc wizards
  A worker ant (D:4)
  7 gnolls
  4 adders (D:2)
  An adder skeleton (D:4)
  2 worms (D:3)
  6 dart slugs
  A giant gecko (D:3)
  7 orcs
  A ball python (D:1)
  4 giant cockroaches (D:1)
  3 goblins (D:1)
  9 hobgoblins
  6 jackals (D:2)
  A quokka (D:2)
  12 bats
  2 giant newts
  5 kobolds
  2 rats
  A fungus (D:2)
80 creatures vanquished.

Notes
Turn   | Place    | Note
-------+----------+-------------------------------------------
     0 | D:1      | Ordine the Draconian Monk began the quest for the Orb.
     0 | D:1      | Reached XP level 1. HP: 19/19 MP: 1/1
   291 | D:1      | Reached XP level 2. HP: 26/26 MP: 2/2
   669 | D:1      | Reached XP level 3. HP: 31/31 MP: 3/3
  1059 | D:2      | Reached skill level 4 in Unarmed Combat
  1355 | D:2      | Reached XP level 4. HP: 35/39 MP: 4/4
  1496 | D:2      | Found a blossoming altar of Fedhas.
  1711 | D:2      | Found an oddly glowing altar of Pakellas.
  2102 | D:3      | Reached XP level 5. HP: 46/46 MP: 5/5
  2339 | D:3      | Noticed Sigmund
  2342 | D:3      | Gained mutation: Your large and strong wings let you fly indefinitely. [potion of mutation]
  2342 | D:3      | Gained mutation: You are robust. (+10% HP) [potion of mutation]
  2342 | D:3      | Gained mutation: Your mind is acute. (Int +2) [potion of mutation]
  2464 | D:3      | Reached skill level 5 in Unarmed Combat
  2510 | D:3      | Killed Sigmund
  2510 | D:3      | Reached XP level 6. HP: 18/58 MP: 6/6
  3030 | D:3      | Found a stormy altar of Qazlal.
  3237 | D:4      | Reached skill level 6 in Unarmed Combat
  3279 | D:4      | Your scales start taking on a golden yellow colour.
  3279 | D:4      | Reached XP level 7. HP: 30/66 MP: 7/7
  3280 | D:4      | Quit the game

Vault maps used:
D:1:      arrival_zaba_pyramid
D:2:      overflow_temple_1_default, minmay_gold_behind_fungi,
          kennysheep_cross_room, fedhas_altar_3
D:3:      lemuel_crystal_altar, uniq_sigmund
D:4:      first_bread

Skill      XL: |  1  2  3  4  5  6 |
---------------+-------------------+-----
Dodging        | 3 4 |  4.2
Unarmed Combat | 4 5 6 |  6.2
Fighting       | 4 |  4.9
Stealth        | |  1.7

Action                   |  1- 3 |  4- 6 |  7- 9 || total
-------------------------+-------+-------+-------++-------
Melee: Unarmed           |   119 |   207 |       ||   326
       Tailslap          |    13 |    30 |       ||    43
       Punch             |     2 |     5 |       ||     7
Throw: Stone             |       |     2 |       ||     2
 Abil: Fly               |       |     1 |       ||     1
  Use: Scroll            |     5 |     4 |       ||     9
       Potion            |       |     5 |       ||     5
 Stab: Sleeping          |     9 |       |       ||     9
  Eat: Chunk             |     1 |     7 |       ||     8
Armor: Skin              |    37 |    46 |       ||    83
Dodge: Dodged            |    72 |   119 |       ||   191
